 Dungeon Crawl Stone Soup version 0.24.1-8-ga250c9d538 (webtiles) character file.

Game seed: 12240717170970595628, levelgen mode: deterministic

3182 Hugehornet the Changer (level 9, -15/53 HPs)
             Began as an Octopode Transmuter on May 8, 2020.
             Was a Believer of Cheibriados.
             Demolished by a two-headed ogre
             ... wielding a +0 giant spiked club
              (29 damage)
             ... on level 9 of the Dungeon.
             The game lasted 00:26:20 (10128 turns).

Hugehornet the Changer (Octopode Transmuter)       Turns: 10128, Time: 00:26:21

Health: -15/53     AC:  2    Str: 14    XL:     9   Next: 95%
Magic:  15/17      EV: 20    Int: 23    God:    Cheibriados [**....]
Gold:   516        SH:  0    Dex: 23    Spells: 2/19 levels left

rFire    . . .     SeeInvis .     - Unarmed
rCold    . . .     Gourm    .   (shield currently unavailable)
rNeg     . . .     Faith    +   (helmet currently unavailable)
rPois    x         Spirit   .   h - amulet of faith
rElec    .         Reflect  .   s - ring of flight
rCorr    .         Harm     .   (no ring)
MR       .....                  (no ring)
Stlth    ++........             (no ring)
HPRegen  0.17/turn              (no ring)
MPRegen  0.15/turn              (no ring)
                                (no ring)
                                (no ring)

@: spider-form, very slow
A: tiny, almost no armour, stealthy swim, (amphibious), 8 rings, (constrict 8)
a: End Transformation, Bend Time, Renounce Religion, Evoke Flight


You were on level 9 of the Dungeon.
You worshipped Cheibriados.
Cheibriados was pleased with you.
You were not hungry.
You were a venomous arachnid creature.
You visited 2 branches of the dungeon, and saw 10 of its levels.
You also visited: Sewer.

You collected 516 gold pieces.

Inventory:

Missiles
 a - 168 arrows
Armour
 C - a +0 buckler
Jewellery
 h - an amulet of faith (around neck)
 l - an uncursed ring of fire
 s - a ring of flight (left front leg)
Wands
 q - a wand of polymorph (9)
 v - a wand of acid (10)
Scrolls
 d - a scroll of random uselessness {unknown}
 f - 6 scrolls of remove curse
 k - 3 scrolls of teleportation
 r - 2 scrolls of amnesia
 t - 4 scrolls of blinking
 u - a scroll of holy word {unknown}
 x - a scroll of enchant weapon
 y - a scroll of enchant armour {unknown}
 z - a scroll of magic mapping {unknown}
 A - a scroll of noise {unknown}
Potions
 b - 2 potions of heal wounds
 e - 3 potions of brilliance
 g - 6 potions of curing
 i - 2 potions of flight
 j - a potion of degeneration {unknown}
 m - a potion of cancellation {unknown}
 n - 5 potions of might
 o - 2 potions of agility
 p - a potion of ambrosia {unknown}
 w - a potion of haste {unknown}
Comestibles
 c - 14 rations


   Skills:
 - Level 1.0 Fighting
 - Level 2.0 Dodging
 + Level 6.4 Unarmed Combat
 + Level 5.8 Spellcasting
 - Level 1.0 Charms
 - Level 1.0 Translocations
 * Level 7.7 Transmutations
 - Level 6.0 Ice Magic
 - Level 3.4 Poison Magic
 * Level 2.9 Invocations


You had 2 spell levels left.
You knew the following spells:

 Your Spells              Type           Power        Failure   Level  Hunger
a - Beastly Appendage     Tmut           #####.       3%          1    None
b - Sticks to Snakes      Tmut           #####...     3%          2    None
c - Spider Form           Tmut/Pois      ####......   10%         3    #......
d - Ice Form              Ice/Tmut       #####...     14%         4    ###....
e - Blade Hands           Tmut           #####.....   24%         5    #####..
f - Shroud of Golubria    Chrm/Tloc      ##....       22%         2    None

Your spell library contained the following spells:

 Spells                   Type           Power        Failure   Level  Hunger
 Infusion                 Chrm           ##..         16%         1    None
 Song of Slaying          Chrm           ##......     22%         2    None
 Regeneration             Chrm/Necr      #.........   41%         3    #......
 Spectral Weapon          Hex/Chrm       #.......     41%         3    #......


Dungeon Overview and Level Annotations

Branches:
Dungeon (9/15)             Temple (1/1) D:7           Sewer (visited)
   Lair: D:8-11         Orc: D:9-12

Altars:
Ashenzari
Cheibriados
Elyvilon
Fedhas
Gozag
Hepliaklqana
Kikubaaqudgha
Makhleb
Nemelex Xobeh
Okawaru
Qazlal
Ru
Sif Muna
Trog
Uskayaw
Vehumet
Wu Jian
Xom
Yredelemnul
Zin
The Shining One

Annotations:
D:6 3 runed translucent doors, oneeyed's ghost, novice TrBe
D:9 exclusion: door


Innate Abilities, Weirdness & Mutations

You cannot wear most types of armour.
You are very stealthy in the water. (Stealth+)
((You are amphibious.))
You can wear up to eight rings at the same time.
((You can use your tentacles to constrict eight enemies at once.))
((Your skin changes colour to match your surroundings (Stealth+).))
((Your rubbery body absorbs attacks. (AC +1, EV +1)))


Message History

The two-headed ogre barely misses you. The two-headed ogre misses you.
You hit the two-headed ogre.
The two-headed ogre is moderately wounded.
You hit the two-headed ogre.
The two-headed ogre is moderately wounded.
The two-headed ogre hits you with a +0 giant spiked club!
The two-headed ogre completely misses you.
You hit the two-headed ogre but do no damage.
The two-headed ogre is moderately wounded.
The two-headed ogre barely misses you.
The two-headed ogre hits you with a cursed -1 giant club!!
* * * LOW HITPOINT WARNING * * *
You bite the two-headed ogre!
The two-headed ogre is moderately wounded.
You bite the two-headed ogre!
The two-headed ogre looks as sick as possible!
The two-headed ogre is heavily wounded.
The two-headed ogre hits you with a +0 giant spiked club!!
Ouch! That really hurt!
You die...

############
...........# ##
...........# #.
...........#...#......#.
......O....+...#......#.
.......s...#...#......#.
...........#...#......#+
..#######'##...#.....##.
#.......#.....#..
#.......#.....#..
#.......'.....#..
#.......#.....#..
##....###.....#..
#....#.......#..


You could see a two-headed ogre.

Vanquished Creatures
  A hippogriff (D:7)
  Edmund (D:4)
  A porcupine (D:9)
  An orc warrior (D:9)
  A phantom (D:7)
  3 ogres
  2 centaurs
  4 big kobolds
  2 bullfrogs (D:6)
  A gnoll sergeant (D:7)
  2 scorpions
  14 killer bees
  A crimson imp (D:7)
  A centaur zombie (D:8)
  A bullfrog zombie (D:5)
  5 orc priests
  2 bullfrog skeletons
  A centaur skeleton (D:5)
  Jessica (D:4)
  2 iguanas
  4 orc wizards
  2 hell rats (D:9)
  2 worker ants
  A hound zombie (D:7)
  A howler monkey zombie (D:8)
  2 worker ant zombies
  4 gnolls (D:7)
  8 adders
  3 river rats
  4 adder skeletons
  3 worms (D:2)
  A dart slug (D:1)
  7 leopard geckos
  27 orcs
  7 giant cockroaches
  4 goblins
  8 hobgoblins
  6 jackals
  5 quokkas
  6 ball pythons (Sewer)
  8 bats
  4 frilled lizards
  22 kobolds
  A quokka skeleton (D:4)
  30 rats
217 creatures vanquished.

Vanquished Creatures (collateral kills)
  An ice beast (D:6)
  A jelly (D:7)
2 creatures vanquished.

Grand Total: 219 creatures vanquished

Notes
Turn   | Place    | Note
-------+----------+-------------------------------------------
     0 | D:1      | Hugehornet the Octopode Transmuter began the quest for the
                  | Orb.
     0 | D:1      | Reached XP level 1. HP: 13/13 MP: 3/3
   142 | D:1      | Reached XP level 2. HP: 17/18 MP: 3/5
   661 | D:1      | Reached skill level 3 in Transmutations
   702 | D:2      | Reached XP level 3. HP: 23/23 MP: 4/6
   716 | D:2      | Found an opulent altar of Gozag.
  1106 | D:2      | Found a bloodstained altar of Trog.
  1162 | D:2      | Learned a level 2 spell: Sticks to Snakes
  1166 | D:2      | Learned a level 3 spell: Spider Form
  1460 | D:3      | Found a faded altar of an unknown god.
  1513 | D:3      | Reached skill level 1 in Poison Magic
  1513 | D:3      | Reached XP level 4. HP: 10/28 MP: 4/8
  1766 | D:3      | Found a sacrificial altar of Ru.
  2413 | D:4      | Noticed an ogre
  2429 | D:4      | Killed an ogre
  2429 | D:4      | Reached XP level 5. HP: 33/33 MP: 6/9
  2492 | D:4      | Noticed an ogre
  2509 | D:4      | Killed an ogre
  2509 | D:4      | Reached XP level 6. HP: 33/38 MP: 3/10
  2523 | D:4      | Learned a level 4 spell: Ice Form
  2604 | D:4      | Reached skill level 5 in Unarmed Combat
  2734 | D:4      | Found a glowing drain.
  2741 | Sewer    | Entered a sewer
  2794 | Sewer    | Reached skill level 1 in Ice Magic
  3075 | Sewer    | Reached XP level 7. HP: 38/43 MP: 9/11
  3358 | Sewer    | Reached skill level 4 in Transmutations
  3644 | D:4      | Found a blossoming altar of Fedhas.
  4176 | D:4      | Found a shimmering altar of Xom.
  4176 | D:4      | Noticed Edmund
  4212 | D:4      | Killed Edmund
  4275 | D:4      | Noticed Jessica
  4288 | D:4      | Killed Jessica
  4388 | D:4      | Found a shimmering blue altar of Sif Muna.
  4423 | D:5      | Entered Level 5 of the Dungeon
  4439 | D:5      | Found a stormy altar of Qazlal.
  4463 | D:5      | Found a basalt altar of Yredelemnul.
  4750 | D:5      | Reached XP level 8. HP: 46/48 MP: 9/13
  4950 | D:5      | Reached skill level 5 in Transmutations
  5124 | D:5      | Learned a level 5 spell: Blade Hands
  5157 | D:5      | Found a hide-covered altar of Uskayaw.
  5193 | D:5      | Found a hazy altar of Hepliaklqana.
  6266 | D:6      | Found a runed translucent gate.
  6267 | D:6      | Found a runed translucent gate.
  6267 | D:6      | Found a runed translucent gate.
  6268 | D:6      | Noticed oneeyed's ghost (novice TrBe)
  6455 | D:7      | Reached skill level 6 in Transmutations
  6455 | D:7      | Reached skill level 5 in Ice Magic
  6589 | D:7      | Found a radiant altar of Vehumet.
  6766 | D:7      | Identified the +6 scale mail of the True Pharaoh {-Tele rF-
                  | Int+9 Dex+2}
  6967 | D:7      | Reached XP level 9. HP: 13/53 MP: 13/16
  7079 | D:7      | Reached skill level 5 in Spellcasting
  7253 | D:7      | Found a staircase to the Ecumenical Temple.
  7261 | Temple   | Entered the Ecumenical Temple
  7333 | Temple   | Became a worshipper of Cheibriados the Contemplative
  7635 | D:7      | Found a glowing silver altar of Zin.
  8123 | D:8      | Reached * piety under Cheibriados
  8160 | D:8      | Reached skill level 7 in Transmutations
  8195 | D:8      | Found a shattered altar of Ashenzari.
  8896 | D:8      | Found a burning altar of Makhleb.
  9107 | D:8      | Learned a level 2 spell: Shroud of Golubria
  9263 | D:9      | Reached skill level 1 in Charms
  9263 | D:9      | Reached skill level 1 in Translocations
  9263 | D:9      | Reached skill level 1 in Invocations
  9520 | D:9      | Reached ** piety under Cheibriados
  9747 | D:9      | Noticed a death yak
  9747 | D:9      | Noticed a death yak
  9782 | D:9      | HP: 2/63 [killer bee (8)]
  9799 | D:9      | HP: 3/63 [killer bee (9)]
 10117 | D:9      | Noticed a two-headed ogre
 10128 | D:9      | Demolished by a two-headed ogre

Levels and vault maps discovered:
D:1:      ncdulo_lavacross, layout_rooms, minmay_misc_feat_ornament
D:2:      layout_rooms, lemuel_doored_altar, nicolae_overflow_crystal_walls,
          roderic_serpentine_path
D:3:      layout_basic, chequers_ecumenical_altar_simple, first_ration,
          chequers_avenue, lemuel_altar_in_water
D:4:      layout_loops_ring, kennysheep_little_box, tgw_sif,
          overflow_temple_1_default, gup_sewer_entry_bubbles, uniq_edmund
D:5:      layout_basic, kennysheep_mini_moat, kennysheep_mini,
          overflow_temple_1_default, lemuel_round_altar
D:6:      layout_loops_ring, ebering_ghost_rock_garden, minmay_liquid_box
D:7:      layout_loops_cross, vehumet_crystals, minmay_temple_entry_crystal_x,
          basic_altar
D:8:      layout_loops_ring, lemuel_crystal_altar,
          nicolae_overflow_hidden_temple
D:9:      layout_gridville, nicolae_dithmenos_the_darkroom, dpeg_lair_monsters,
          grunt_pizzeria
Temple:   compressed_dpeg_triangle_lava_temple

Skill      XL: |  1  2  3  4  5  6  7  8  9 |
---------------+----------------------------+-----
Transmutations | 3 4 6 7 |  7.7
Spellcasting   | 3 4 5 |  5.8
Poison Magic   | 1 3 |  3.4
Unarmed Combat | 4 5 6 |  6.4
Ice Magic      | 1 3 5 6 |  6.0
Charms         | 1 |  1.0
Translocations | 1 |  1.0
Invocations    | 2 |  2.9
Fighting       | |  1.0
Dodging        | |  2.0

Action                   |  1- 3 |  4- 6 |  7- 9 || total
-------------------------+-------+-------+-------++-------
Melee: Unarmed           |    79 |   116 |   383 ||   578
       Constrict         |    24 |    18 |    40 ||    82
       Kick              |    15 |    11 |    42 ||    68
       Tentacles         |     9 |    11 |    34 ||    54
       Punch             |     1 |     3 |    10 ||    14
 Cast: Beastly Appendage |    24 |    13 |    35 ||    72
       Spider Form       |     1 |     5 |    17 ||    23
       Sticks to Snakes  |       |       |    13 ||    13
       Ice Form          |       |       |     3 ||     3
 Abil: End Transformatio |       |       |     2 ||     2
  Use: Scroll            |     3 |     3 |     6 ||    12
       Potion            |       |       |    11 ||    11
 Stab: Sleeping          |     6 |     2 |     4 ||    12
       Distracted        |     1 |       |       ||     1
  Eat: Chunk             |     1 |     7 |     7 ||    15
       Ration            |       |       |     4 ||     4
Armor: Skin              |     6 |     5 |    39 ||    50
Dodge: Dodged            |    46 |    82 |   339 ||   467
